 Seeded DCSS version 0.30.0-29-ga12c61a403 (webtiles) character file.

Game seed: 18007716519941398942 (custom seed)

20 Dadbod the Shield-Bearer (level 3, 30/30 HPs)
             Began as a Formicid Fighter on June 5, 2023.
             Quit the game on level 1 of the Dungeon.
             The game lasted 00:04:31 (405 turns).

Dadbod the Shield-Bearer (Formicid Fighter)          Turns: 405, Time: 00:04:32

Health: 30/30      AC:  9    Str: 22    XL:     3   Next: 0%
Magic:  3/3        EV:  9    Int:  9    God:
Gold:   4          SH:  5    Dex: 13    Spells: 2/2 levels left

rFire   + + .        g - +3 Elemental Staff {rElec rF+ rC+ AC+3}
rCold   + + +        c - +0 buckler
rNeg    . . .        b - +0 scale mail
rPois   .            (helmet unavailable)
rElec   +            (no cloak)
rCorr   .            (no gloves)
SInv    +            (no boots)
Will    .....        h - amulet "Oxurch" {RegenMP *Slow rF+ rC++ Int+2} Stlth
                     (no ring)
HPRegen 0.25/turn    (no ring)
MPRegen 0.48/turn

%: slow self (1%)
@: studying Axes
A: permanent stasis, dig shafts and tunnels, antennae 3, four strong arms
a: Dig, Shaft Self


You were on level 1 of the Dungeon.
You visited 1 branch of the dungeon, and saw 1 of its levels.

You collected 4 gold pieces.

Inventory:

Hand Weapons
 a - a +0 trident
 g - the +3 Elemental Staff (weapon) {rElec rF+ rC+ AC+3}
   (You acquired it on level 1 of the Dungeon)

   It enhances your fire, ice, earth and air magic.
   AC:        It affects your AC (+3).
   rF:        It protects you from fire.
   rC:        It protects you from cold.
   rElec:     It insulates you from electricity.
Armour
 b - a +0 scale mail (worn)
 c - a +0 buckler (worn)
Jewellery
 h - the amulet "Oxurch" (around neck) {RegenMP *Slow rF+ rC++ Int+2}
   (You acquired it on level 1 of the Dungeon)

   [amulet of magic regeneration]

   It increases your rate of magic regeneration.
   Int:       It affects your intelligence (+2).
   rF:        It protects you from fire.
   rC:        It greatly protects you from cold.
   *Slow:     It may slow you when you take damage.
Scrolls
 f - a scroll of fog {unknown}
 i - a scroll of magic mapping {unknown}
Potions
 d - 2 potions of might
 e - 2 potions of heal wounds {unknown}
 j - a potion of attraction {unknown}


   Skills:
 + Level 3.6 Fighting
 - Level 2.4 Polearms
 + Level 3.5 Armour
 + Level 0.1 Dodging
 + Level 4.1 Shields
 * Level 0.1 Evocations


You had 2 spell levels left.
You didn't know any spells.
Your spell library was empty.

Dungeon Overview and Level Annotations

Branches:
Dungeon (1/15)

Altars:


Innate Abilities, Weirdness & Mutations

You cannot be hasted, slowed, berserked, paralysed or teleported.
You can dig through walls and to a lower floor.
You have a pair of large antennae on your head. (SInv)
Your four strong arms can wield two-handed weapons with a shield.


Message History

The quokka barely misses you.
You closely miss the quokka. The quokka bites you.
You hit the quokka.
The quokka is severely wounded.
The quokka closely misses you. The quokka barely misses you.
You closely miss the quokka.
The quokka is severely wounded.
The quokka bites you but does no damage.
You hit the quokka but do no damage.
The quokka is severely wounded.
You block the quokka's attack.
You closely miss the quokka.
The quokka is severely wounded.
The quokka barely misses you. You block the quokka's attack.
You closely miss the quokka.
The quokka is severely wounded.
The quokka barely misses you.
You hit the quokka.
You kill the quokka!
A giant cockroach comes into view.
A giant cockroach is nearby!
You hit the giant cockroach.
You kill the giant cockroach!
You open the door.
Found a faded altar of an unknown god.
There is an open door here.
There is a faded altar of an unknown god here.
This altar belongs to (a) Ru, (b) Uskayaw or (c) Ashenzari, but you can't tell which.
Press the corresponding letter to learn more about a god, or press enter to convert or escape to cancel.
Okay, then.
There is an open door here.
A kobold comes into view. It is wielding a +0 whip.
The kobold throws a stone.
The stone barely misses you.
You hit the kobold.
You kill the kobold!
You have reached level 3!
Your experience leads to an increase in your attributes!
Your base attributes are Str 20, Int 7, Dex 13.
Increase (S)trength, (I)ntelligence, or (D)exterity?
You feel stronger. x2
Are you sure you want to abandon this character and quit the game? (Confirm with "yes".)

### ###.###_### ..######
#...#8...8#.........
#.#.#.###.#.########
...#.#3#.#......†..
..#.###.#.#####.##
#.#8...8#.#####)##
#)###'###.........
#@..P.P.........## ##
#...#.#.#................. .. .
...................>....#.
..###.##.#.#.#.###.#.........#...
.....#........###.#..........)..
#..#.........................##
#...................#.#..##.##
####..#...##.....................
.....#.#.........#...............


There were no monsters in sight!

Vanquished Creatures
  2 endoplasms (D:1)
  A giant cockroach (D:1)
  2 goblins (D:1)
  A hobgoblin (D:1)
  4 jackals (D:1)
  3 kobolds (D:1)
  A quokka (D:1)
  A ball python (D:1)
  2 frilled lizards (D:1)
17 creatures vanquished.

Notes
Turn   | Place    | Note
-------+----------+-------------------------------------------
     0 | D:1      | Dadbod the Formicid Fighter began the quest for the Orb.
     0 | D:1      | Reached XP level 1. HP: 18/18 MP: 1/1
    57 | D:1      | Reached XP level 2. HP: 18/24 MP: 2/2
   145 | D:1      | Identified 3 scrolls of acquirement
   145 | D:1      | Acquired a manual of Axes
   147 | D:1      | Acquired the amulet "Oxurch" {RegenMP *Slow rF+ rC++ Int+2}
   149 | D:1      | Acquired the +3 Elemental Staff {rElec rF+ rC+ AC+3}
   149 | D:1      | Found the +3 Elemental Staff {rElec rF+ rC+ AC+3}
   384 | D:1      | Found a faded altar of an unknown god.
   384 | D:1      | Noticed a neqoxec
   405 | D:1      | Reached XP level 3. HP: 30/30 MP: 3/3
   405 | D:1      | Quit the game

Illustrated notes

Levels and vault maps discovered:
D:1:      psy_arrival_dodecagon, layout_basic,
          dreamdust_ecumenical_altar_sealed_demon

Action                     || total
---------------------------++-------
  Melee: Trident           ||    36
         Staff             ||    15
    Use: Scroll            ||     3
 Armour: Scale mail        ||    21
  Dodge: Dodged            ||    27
  Block: Buckler           ||    15
